 Dungeon Crawl Stone Soup version 0.29.1-2-gbd0b4ee654 (webtiles) character file.

Game seed: 16694776445262963200

105 mortz the Sneak (level 5, -2/28 HPs)
             Began as a Kobold Earth Elementalist on Oct 27, 2022.
             Was an Initiate of Vehumet.
             Killed from afar by an orc wizard (8 damage)
             ... with a puff of flame
             ... on level 3 of the Dungeon.
             The game lasted 00:11:21 (2857 turns).

mortz the Sneak (Kobold Earth Elementalist)         Turns: 2857, Time: 00:11:22

Health: -2/28      AC:  3    Str:  6    XL:     5   Next: 9%
Magic:  3/9        EV: 15    Int: 18    God:    Vehumet [......]
Gold:   44         SH:  0    Dex: 15    Spells: 7/10 levels left

rFire   . . .      SeeInvis .   c - +1 dagger
rCold   . . .      Faith    .   (no shield)
rNeg    . . .      Spirit   .   a - +1 robe
rPois   .          Reflect  .   (no helmet)
rElec   .          Harm     .   (no cloak)
rCorr   .          Rampage  .   (no gloves)
Will    .....                   (no boots)
Stlth   ++++......              (no amulet)
HPRegen 0.09/turn               (no ring)
MPRegen 0.11/turn               (no ring)

@: no status effects
A: small, no large weapons, nightstalker 3
a: Renounce Religion


You were on level 3 of the Dungeon.
You worshipped Vehumet.
Vehumet was noncommittal.
You visited 1 branch of the dungeon, and saw 3 of its levels.

You collected 44 gold pieces.

Inventory:

Hand Weapons
 c - a +1 dagger (weapon)
 d - a +0 dagger
 f - a +0 short sword
 i - a +0 trident
Armour
 a - a +1 robe (worn)
Potions
 b - a potion of magic
 g - 2 potions of heal wounds
 h - a potion of resistance
 k - a potion of flight
 l - a potion of attraction
 p - a potion of curing
 q - a potion of lignification {unknown}


   Skills:
 + Level 0.5 Fighting
 + Level 1.2 Short Blades
 + Level 2.5 Dodging
 + Level 4.2 Stealth
 + Level 3.1 Spellcasting
 * Level 1.0 Conjurations
 + Level 1.0 Transmutations
 + Level 3.6 Earth Magic


You had 7 spell levels left.
You knew the following spells:

 Your Spells              Type           Power      Damage    Failure   Level
a - Sandblast             Erth           32%        2d9       3%          1
p - Passwall              Tmut/Erth      9%         N/A       10%         2

Your spell library contained the following spells:

 Spells                   Type           Power      Damage    Failure   Level
 Stone Arrow              Conj/Erth      22%        3d8       19%         3
 Blink                    Tloc           4%         N/A       24%         2
 Lesser Beckoning         Tloc           2%         N/A       43%         3
 Petrify                  Tmut/Erth      11%        N/A       52%         4
 Manifold Assault         Tloc           2%         N/A       99%         5


Dungeon Overview and Level Annotations

Branches:
Dungeon (3/15) Zot: 15119

Altars:
Vehumet

Annotations:
D:3 Natasha


Innate Abilities, Weirdness & Mutations

You are small and have problems with some larger weapons.
You are completely attuned to the shadows.


Message History

Confirm with . or Enter, or press ? or * to list all spells.
Aiming: Sandblast (safe; 3% risk of failure)
Press: ? - help, Shift-Dir - straight line The blast of sand hits something.
You hear some strange, mumbled words.
A magic dart appears from out of thin air!
The magic dart hits you. Something hits you but does no damage.
You hit something but do no damage. Something completely misses you.
You hit something but do no damage. Something barely misses you.
You closely miss something. Something hits you.
You hit something.
You hear some strange, mumbled words.
You are confused.
You hear some strange, mumbled words.
A puff of flame appears from out of thin air!
The puff of flame hits you! Something hits you.
You completely miss something. Something hits you but does no damage.
You completely miss something. Something hits you but does no damage.
You closely miss something. Something barely misses you.
You closely miss something. You barely miss something.
Something hits you but does no damage.
You bump into the rock wall.
You feel less confused.
You hear some strange, mumbled words.
A magic dart appears from out of thin air!
The magic dart hits you.
* * * LOW HITPOINT WARNING * * *
You aren't carrying any scrolls.
Unknown command.
Casting: Sandblast (safe; 3% risk of failure)
Confirm with . or Enter, or press ? or * to list all spells.
Okay, then.
Something hits you.
* * * LOW HITPOINT WARNING * * *
You hear some strange, mumbled words.
Something tries to affect you, but you resist.
A puff of flame appears from out of thin air!
The puff of flame hits you!
You die...

######## #......#
#.####.###########
#####.####...........#
#....†{.##.#########.##
#.###.#.##.## #.#.# #)#
#.#.#...## #..## #.#
#...@..#.# #.## #.#
#####.#.## #.# #.#
##.## #.# ......#
####### #.# ..).....
#.....# #.# .........
......# #.### .........
(.....# #...# ....<.#
###.# #.....#######.#


There were no monsters in sight!

Vanquished Creatures
  An orc priest (D:3)
  2 adders
  3 dart slugs
  An orc (D:3)
  5 ball pythons
  6 endoplasms
  4 giant cockroaches
  7 hobgoblins
  2 quokkas
  6 bats
  2 goblins
  4 kobolds
  8 rats
51 creatures vanquished.

Notes
Turn   | Place    | Note
-------+----------+-------------------------------------------
     0 | D:1      | mortz the Kobold Earth Elementalist began the quest for the
                  | Orb.
     0 | D:1      | Reached XP level 1. HP: 10/10 MP: 3/3
   389 | D:1      | Reached XP level 2. HP: 15/15 MP: 5/5
   434 | D:1      | Found a faded altar of an unknown god.
   451 | D:1      | Reached skill level 3 in Stealth
   600 | D:1      | Learned a level 2 spell: Passwall
   882 | D:1      | Reached XP level 3. HP: 16/20 MP: 3/6
  1725 | D:2      | Found a radiant altar of Vehumet.
  1735 | D:2      | Became a worshipper of Vehumet
  1928 | D:2      | Reached XP level 4. HP: 20/24 MP: 4/8
  1977 | D:2      | Reached skill level 1 in Short Blades
  2717 | D:3      | Noticed Natasha
  2725 | D:3      | Reached skill level 4 in Stealth
  2829 | D:3      | Reached skill level 1 in Conjurations
  2829 | D:3      | Reached XP level 5. HP: 28/28 MP: 6/9
  2857 | D:3      | Killed from afar by an orc wizard

Illustrated notes

Levels and vault maps discovered:
D:1:      ebering_trefoil_3fold, layout_basic,
          shapermc_ecumenical_altar_mp_urbaneastern, minmay_statues_item
D:2:      layout_basic, basic_altar, chequers_avenue,
          minmay_randomly_rotated_circles
D:3:      layout_loops_cross, uniq_terence, uniq_natasha

Skill      XL: |  1  2  3  4 |
---------------+-------------+-----
Stealth        | 3 4 |  4.2
Short Blades   | 1 |  1.2
Spellcasting   | 3 |  3.1
Conjurations   | 1 |  1.0
Fighting       | |  0.5
Dodging        | |  2.5
Transmutations | |  1.0
Earth Magic    | |  3.6

Action                   |  1- 3 |  4- 6 || total
-------------------------+-------+-------++-------
Melee: Dagger            |    21 |    11 ||    32
 Cast: Sandblast         |    26 |    21 ||    47
  Use: Scroll            |     6 |     8 ||    14
 Stab: Sleeping          |    18 |     2 ||    20
Armor: Robe              |     4 |     5 ||     9
Dodge: Dodged            |     8 |    18 ||    26
